 Dungeon Crawl Stone Soup version 0.26.0-10-g1f06aea511 (webtiles) character file.

Game seed: 13876140548220737758

66 Borgoz the Ducker (level 4, -4/37 HPs)
             Began as a Ghoul Gladiator on Feb 1, 2021.
             Slain by a gnoll (7 damage)
             ... on level 2 of the Dungeon.
             The game lasted 00:02:05 (1659 turns).

Borgoz the Ducker (Ghoul Gladiator)                 Turns: 1659, Time: 00:02:05

Health: -4/37      AC:  5    Str: 17    XL:     4   Next: 15%
Magic:  3/3        EV: 13    Int:  3    God:
Gold:   82         SH:  0    Dex: 11    Spells: 3/3 levels left

rFire    . . .     SeeInvis .   a - +0 long sword
rCold    + . .     Faith    .   (no shield)
rNeg     + + +     Spirit   .   l - +2 animal skin
rPois    ∞         Reflect  .   c - +0 helmet
rElec    .         Harm     .   (no cloak)
rCorr    .         Rampage  .   (no gloves)
Will     .....                  (no boots)
Stlth    +.........             (no amulet)
HPRegen  0.00/turn              (no ring)
MPRegen  0.08/turn              (no ring)

@: no status effects
A: claws 1, cold resistance 1, negative energy resistance 3, inhibited
regeneration, torment resistance, unbreathing
a: no special abilities


You were on level 2 of the Dungeon.
You visited 1 branch of the dungeon, and saw 2 of its levels.

You collected 82 gold pieces.

Inventory:

Hand Weapons
 a - a +0 long sword (weapon)
Armour
 c - a +0 helmet (worn)
 l - a +2 animal skin (worn)
Jewellery
 b - a +6 ring of intelligence {unknown}
Scrolls
 f - a scroll of magic mapping {unknown}
 g - a scroll of teleportation {unknown}
 i - a scroll of noise {unknown}
 j - a scroll of amnesia {unknown}
 m - a scroll of remove curse {unknown}
Potions
 d - a potion of attraction


   Skills:
 + Level 2.8 Fighting
 * Level 3.3 Long Blades
 - Level 1.7 Throwing
 + Level 1.1 Armour
 * Level 3.3 Dodging


You had 3 spell levels left.
You didn't know any spells.
Your spell library was empty.

Dungeon Overview and Level Annotations

Branches:
Dungeon (2/15)

Altars:


Innate Abilities, Weirdness & Mutations

You thrive by killing the living.
You are immune to poison.
You have sharp fingernails.
Your flesh is cold resistant. (rC+)
You are immune to negative energy. (rN+++)
You do not regenerate when monsters are visible.
You are immune to unholy pain and torment.
You can survive without breathing.


Message History

The net rips apart, and the gnoll comes free!
You completely miss the gnoll.
The gnoll is severely wounded.
The gnoll hits you but does no damage.
You slash the gnoll!
You kill the gnoll!
You feel better.
You have reached level 4!
You hit the gnoll.
The gnoll is lightly wounded.
The gnoll hits you.
* * * LOW HITPOINT WARNING * * *
You barely miss the gnoll.
The gnoll is lightly wounded.
The gnoll misses you. The gnoll closely misses you.
Okay, then.
As you read the scroll of fear, it crumbles to dust.
You assume a fearsome visage.
The gnoll resists with some effort.
The gnoll hits you!
You die...

#. #. #. #.##
..# #.# ###
#.######.....
####....@g......
#....#####......
#.##.# .....
#.##.# ....
#.##.# # ..#
#.##.#####.. ..
#.##.......# .
#.......##.#
####........


You could see a gnoll.

Vanquished Creatures
  Robin (D:1)
  2 gnolls (D:2)
  2 dart slugs (D:1)
  A leopard gecko (D:1)
  A ball python (D:1)
  2 bats (D:1)
  10 goblins
  5 hobgoblins (D:1)
  3 frilled lizards (D:1)
  2 rats (D:1)
29 creatures vanquished.

Notes
Turn   | Place    | Note
-------+----------+-------------------------------------------
     0 | D:1      | Borgoz the Ghoul Gladiator began the quest for the Orb.
     0 | D:1      | Reached XP level 1. HP: 17/17 MP: 0/0
   241 | D:1      | Reached XP level 2. HP: 24/24 MP: 1/1
   941 | D:2      | Noticed Robin
   944 | D:2      | Reached XP level 3. HP: 13/30 MP: 2/2
   955 | D:1      | HP: 1/30 [hobgoblin[Robin] (4)]
  1300 | D:1      | Killed Robin
  1649 | D:2      | Reached skill level 1 in Armour
  1657 | D:2      | Reached XP level 4. HP: 9/37 MP: 3/3
  1659 | D:2      | Slain by a gnoll

Illustrated notes

Levels and vault maps discovered:
D:1:      eino_arrival_druids_welcome, layout_loops_corners
D:2:      layout_loops_cross, uniq_robin

Skill      XL: |  1  2  3 |
---------------+----------+-----
Dodging        | 3 |  3.3
Long Blades    | 3 |  3.3
Armour         | 1 |  1.1
Fighting       | |  2.8
Throwing       | |  1.7

Action                   |  1- 3 |  4- 6 || total
-------------------------+-------+-------++-------
Melee: Long sword        |    89 |     2 ||    91
Throw: Throwing net      |     5 |       ||     5
  Use: Scroll            |     3 |     1 ||     4
       Potion            |     1 |       ||     1
Armor: Leather armour    |    23 |       ||    23
       Animal skin       |     3 |       ||     3
Dodge: Dodged            |    67 |     2 ||    69
       Rpst.: Long sword |    23 |       ||    23
